Map: Kimeran Refuge

Players

BattlePro - Winner!

  • Race: Protoss Protoss
  • Spawn Location: 12:00

HowRealRU - Winner!

  • Race: Zerg Zerg
  • Spawn Location: 12:00

Grumm - Winner!

  • Race: Protoss Protoss
  • League: Gold
  • Spawn Location: 1:00

UMBRELLACORP - Winner!

  • Race: Terran Terran
  • Spawn Location: 11:00

Adwin

  • Race: Protoss Protoss
  • Spawn Location: 6:00

Narsil

  • Race: Protoss Protoss
  • League: Silver
  • Spawn Location: 7:00

mmdan

  • Race: Terran Terran
  • Spawn Location: 6:00

Mask

  • Race: Zerg Zerg
  • Spawn Location: 5:00

VOD

Have the link to the VOD?

Description

Time

  • Played on: Feb. 16, 2016, 1:28 a.m.
  • Length: 12:16
Show
View Real Time Build Order
Export as new Build Order

BattlePro Protoss - Winner!

Build Orders: Zealot Archon, Dark Templar Rush 

Get SALT Encoding   

  12  0:02  Probe (Chrono Boost)  
  13  0:13  Probe (Chrono Boost)  
  14  0:23  Pylon  
  14  0:44  Gateway  
  14  0:47  Pylon  
  14  0:49  Probe (Chrono Boost)  
  15  0:54  Assimilator  
  15  1:00  Probe (Chrono Boost)  
  15  1:02  Assimilator  
  16  1:14  Gateway  
  16  1:33  Cybernetics Core  
  16  1:37  Probe (Chrono Boost)  
  17  1:47  Probe (Chrono Boost)  
  17  1:52  Gateway  
  18  2:04  Probe (Chrono Boost)  
  19  2:15  Probe (Chrono Boost)  
  20  2:16  Warp Gate (Chrono Boost)  
  20  2:26  Probe  
  21  2:34  Nexus  
  21  2:43  Pylon  
  21  3:07  Gateway  
  21  3:10  Twilight Council  
  21  3:20  Pylon  
  21  3:22  Probe  
  22  3:47  Probe  
  22  3:48  Dark Shrine  
  23  3:58  Probe  
  24  4:08  Probe  
  24  4:09  Assimilator  
  24  4:15  Assimilator, Probe  
  26  4:19  Probe  
  27  4:27  Probe  
  28  4:49  Probe  
  29  4:57  Pylon  
  29  5:01  Gateway, Dark Templar x2  
  29  5:02  Dark Templar x2  
  29  5:03  Gateway  
  37  5:07  Archon x2  
  37  5:19  Probe  
  38  5:30  Probe  
  39  6:07  Probe  
  39  6:10  Probe  
  41  6:17  Probe  
  41  6:19  Dark Templar x5  
  41  6:22  Probe  
  41  6:24  Dark Templar  
  55  6:28  Probe  
  50  7:44  Archon  
  48  8:12  Pylon  
  48  8:21  Dark Templar x6  
  60  8:31  Probe, Gateway  
  60  8:33  Gateway  
  61  8:42  Probe  
  62  8:57  Gateway  
  62  8:58  Gateway  
  62  9:04  Pylon  
  62  9:05  Pylon  
  62  9:07  Archon x2, Pylon  
  62  9:08  Archon  
  62  9:10  Pylon  
  62  9:18  Nexus  
  62  9:22  Assimilator  
  62  9:27  Assimilator  
  62  9:35  Pylon  
  62  9:40  Pylon  
  62  10:00  Dark Templar x6  
  62  10:01  Dark Templar x4  
  82  10:08  Archon  
  82  10:09  Archon x3  
  82  10:10  Archon  
  82  10:16  Forge  
Show
View Real Time Build Order
Export as new Build Order

HowRealRU Zerg - Winner!

Build Orders: Pool First 

Get SALT Encoding   

  12  0:02  Drone  
  13  0:08  Drone  
  14  0:17  Overlord  
  14  0:35  Spawning Pool  
  13  0:37  Drone  
  14  0:45  Drone x2  
  16  0:50  Extractor  
  16  0:51  Drone  
  16  1:17  Hatchery  
  15  1:25  Queen  
  15  1:29  Drone  
  15  1:32  Drone  
  19  1:36  Drone  
  20  1:44  Extractor  
  20  1:46  Drone  
  20  1:53  Overlord  
  20  2:10  Overlord  
  20  2:21  Drone  
  21  2:23  Lair  
  21  2:29  Queen  
  23  2:30  Drone  
  24  2:46  Drone  
  24  2:47  Drone x3  
  24  2:49  Drone  
  29  2:52  Drone  
  29  2:57  Drone  
  31  3:03  Metabolic Boost  
  31  3:10  Drone  
  32  3:23  Spire  
  31  3:29  Overlord x2  
  31  3:35  Drone x2  
  31  3:38  Drone  
  34  3:52  Overseer  
  34  3:55  Pneumatized Carapace  
  34  3:59  Drone x2  
  36  4:03  Extractor  
  36  4:05  Extractor  
  34  4:23  Nydus Network  
  33  4:38  Spine Crawler  
  33  4:41  Drone  
  33  4:42  Drone x4  
  33  4:43  Drone, Spore Crawler  
  37  4:46  Spine Crawler  
  37  4:51  Drone x4  
  37  4:52  Drone x2, Spore Crawler  
  41  5:04  Overlord x3  
  41  5:10  Zerg Flyer Armor Level 1  
  41  5:24  Drone x3  
  41  5:28  Drone x3  
  47  6:02  Mutalisk x6  
  59  6:08  Zergling x10  
  64  6:21  Hatchery  
  64  6:22  Zergling x2  
  64  6:30  Mutalisk x3  
  70  6:49  Nydus Canal  
  70  6:59  Queen  
  72  7:04  Burrow, Zerg Flyer Weapons Level 1  
  72  7:29  Mutalisk  
  72  7:30  Mutalisk x3  
  72  7:32  Zergling x8  
  72  7:33  Zergling x2  
  72  7:36  Overlord  
  72  7:37  Overlord x7  
  85  7:38  Overlord  
  85  7:50  Infestation Pit  
  84  7:57  Evolution Chamber  
  83  7:59  Evolution Chamber  
  83  8:04  Drone x3  
  85  8:36  Drone x3  
  85  8:37  Queen  
  85  8:40  Mutalisk x3  
  85  8:41  Mutalisk x4  
  96  8:46  Zerg Melee Weapons Level 1  
  104  8:57  Drone  
  104  8:58  Drone x4  
  104  8:59  Drone x2  
  111  9:13  Overlord  
  111  9:14  Overlord x2  
  111  9:22  Spine Crawler, Spore Crawler  
  109  9:25  Spine Crawler  
  109  9:26  Mutalisk x2  
  109  9:27  Spore Crawler, Mutalisk x2  
  115  9:33  Extractor  
  115  9:35  Extractor  
  113  10:00  Overlord x4  
  113  10:03  Zerg Ground Armor Level 1  
  113  10:06  Hive  
Show
View Real Time Build Order
Export as new Build Order

Grumm Protoss - Winner!

Build Orders: Nexus First 

Get SALT Encoding   

  12  0:11  Pylon  
  12  0:47  Nexus  
  12  1:01  Gateway  
  12  1:11  Assimilator  
  12  1:13  Probe (Chrono Boost)  
  13  1:32  Pylon  
  13  1:35  Probe (Chrono Boost)  
  14  1:46  Probe (Chrono Boost)  
  15  1:49  Cybernetics Core  
  15  1:59  Probe x2 (Chrono Boost)  
  17  2:13  Probe x2 (Chrono Boost)  
  19  2:26  Mothership Core (Chrono Boost)  
  19  2:28  Probe (Chrono Boost)  
  22  2:32  Assimilator  
  22  2:36  Warp Gate (Chrono Boost)  
  22  2:37  Probe  
  23  2:50  Pylon  
  23  2:51  Probe  
  24  3:01  Pylon  
  24  3:04  Gateway  
  24  3:10  Probe  
  24  3:11  Probe  
  26  3:22  Gateway  
  26  3:27  Gateway  
  26  3:30  Probe  
  26  3:33  Probe  
  27  3:40  Adept  
  30  3:43  Probe  
  31  3:55  Forge  
  31  3:56  Probe  
  31  3:57  Probe  
  33  4:06  Probe  
  33  4:07  Assimilator  
  33  4:09  Probe  
  35  4:18  Probe (Chrono Boost)  
  35  4:21  Probe (Chrono Boost)  
  37  4:25  Stalker  
  37  4:26  Stalker  
  37  4:28  Stalker  
  37  4:30  Probe (Chrono Boost)  
  44  4:34  Probe (Chrono Boost)  
  45  4:39  Probe (Chrono Boost)  
  45  4:41  Protoss Ground Weapons Level 1 (Chrono Boost)  
  46  4:46  Zealot  
  48  4:54  Pylon  
  48  4:55  Stalker  
  48  4:57  Adept  
  52  5:09  Stalker x2  
  56  5:14  Probe  
  56  5:16  Probe  
  58  5:23  Photon Cannon  
  58  5:25  Probe  
  58  5:26  Photon Cannon  
  58  5:28  Probe  
  60  5:30  Sentry x2  
  50  6:13  Stalker  
  50  6:14  Stalker x3  
  54  6:28  Protoss Ground Armor Level 1 (Chrono Boost)  
  54  6:34  Gateway  
  54  6:35  Gateway  
  54  6:40  Gateway  
  54  6:41  Gateway  
  54  6:42  Pylon  
  54  6:45  Twilight Council  
  54  6:50  Pylon  
  54  6:52  Stalker x4  
  62  7:09  Robotics Facility  
  62  7:10  Robotics Facility  
  62  7:39  Probe  
  62  7:41  Probe  
  62  7:42  Stalker  
  62  7:43  Stalker x3  
  62  8:19  Stalker x4  
  66  8:25  Observer, Immortal  
  71  8:32  Assimilator  
  71  8:39  Adept  
  71  8:40  Zealot x3  
  79  8:42  Nexus  
  79  8:43  Pylon  
  79  8:46  Observer  
  80  9:00  Protoss Ground Weapons Level 2 (Chrono Boost)  
  80  9:04  Immortal  
  80  9:06  Robotics Bay  
  80  9:09  Forge  
  84  9:13  Forge  
  84  9:15  Pylon  
  84  9:18  Stargate  
  84  9:22  Pylon  
  84  9:23  Zealot  
  84  9:24  Zealot x4  
  94  9:46  Warp Prism, Assimilator  
  94  9:47  Immortal  
  94  9:52  Assimilator  
  100  10:05  Blink (Chrono Boost)  
  100  10:10  Protoss Shields Level 1  
  100  10:14  Observer Gravitic Boosters  
  78  10:52  Stalker x4  
  78  10:53  Stalker x4  
  72  11:39  Zealot x2  
  73  11:40  Zealot x6  
Show
View Real Time Build Order
Export as new Build Order

UMBRELLACORP Terran - Winner!

Build Orders: MMM Bio 

Get SALT Encoding   

  12  0:03  SCV  
  13  0:15  SCV  
  14  0:28  Supply Depot  
  14  0:36  SCV  
  15  0:50  SCV  
  15  0:51  Barracks  
  16  1:02  SCV  
  17  1:16  Supply Depot  
  17  1:21  SCV  
  18  1:30  Refinery  
  18  1:33  SCV  
  18  1:39  Barracks  
  19  1:45  SCV  
  20  1:47  Refinery, Marine  
  21  1:57  SCV  
  22  2:05  Marine  
  23  2:09  SCV  
  25  2:23  Marine  
  25  2:25  Orbital Command  
  25  2:34  Engineering Bay  
  25  2:35  Barracks Tech Lab  
  25  2:41  Marine  
  26  2:54  Marine  
  27  3:01  Barracks  
  27  3:02  Combat Shields  
  27  3:09  Barracks Reactor  
  27  3:10  Terran Infantry Weapons Level 1  
  27  3:11  Marine  
  27  3:12  SCV  
  29  3:24  SCV  
  29  3:25  Supply Depot  
  30  3:32  Missile Turret  
  30  3:36  SCV  
  31  3:46  Marine x3  
  31  3:47  Supply Depot  
  34  3:48  SCV  
  34  3:55  Barracks Reactor  
  35  3:56  Missile Turret  
  35  4:01  SCV  
  36  4:04  Marine x3  
  39  4:22  Marine x3  
  42  4:31  Marine x2  
  44  4:40  Marine x3  
  44  4:41  Supply Depot  
  47  4:49  Marine x2  
  49  4:58  Marine x3  
  52  5:04  Supply Depot, Terran Infantry Armor Level 1  
  52  5:07  Marine x2  
  54  5:15  Marine x3  
  41  6:30  Stimpack  
  27  7:31  Marine x5  
  27  7:36  Factory  
  32  7:48  Marine  
  32  7:49  Marine x4  
  32  7:51  Command Center  
  37  8:02  Command Center  
  37  8:06  Marine x2  
  37  8:07  Marine x3  
  42  8:22  Factory Tech Lab  
  42  8:24  Marine x3  
  42  8:25  Marine x2  
  42  8:26  Supply Depot  
  47  8:42  Marine x4  
  47  8:43  Marine  
  52  8:51  Armory  
  52  9:00  Marine x5  
  57  9:06  Refinery  
  57  9:14  Missile Turret  
  57  9:17  Marine  
  57  9:18  Marine x4  
  57  9:24  Orbital Command  
  62  9:28  Orbital Command  
  62  9:37  Marine x4  
  62  9:38  Marine  
  67  9:40  Starport  
  67  9:45  Terran Infantry Weapons Level 2  
  67  9:50  SCV  
  68  9:55  Missile Turret, Marine x5  
  73  10:12  Marine  
  74  10:14  Missile Turret  
  74  10:18  Starport Tech Lab  
  74  10:21  Marine x4  
  78  10:30  Marine  
  79  10:39  Marine x4  
  83  10:48  Marine  
  81  10:57  Marine x4  
  64  11:06  Marine  
  55  11:53  Marine x4  
  55  11:54  Marine  
Show
View Real Time Build Order
Export as new Build Order

Adwin Protoss 

Build Orders:  

Get SALT Encoding   

  12  0:03  Probe (Chrono Boost)  
  13  0:13  Probe (Chrono Boost)  
  14  0:24  Probe (Chrono Boost)  
  15  0:33  Pylon  
  15  0:51  Probe (Chrono Boost)  
  15  0:52  Gateway  
  16  1:02  Probe (Chrono Boost)  
  16  1:03  Assimilator  
  17  1:08  Assimilator  
  17  1:12  Probe (Chrono Boost)  
  18  1:23  Probe (Chrono Boost)  
  19  1:33  Probe (Chrono Boost)  
  20  1:44  Probe (Chrono Boost)  
  20  1:47  Pylon  
  21  2:06  Cybernetics Core  
  21  2:08  Nexus  
  21  2:09  Zealot (Chrono Boost)  
  21  2:15  Probe (Chrono Boost)  
  24  2:23  Gateway  
  24  2:25  Probe  
  25  2:35  Zealot (Chrono Boost)  
  29  2:44  Mothership Core  
  29  2:50  Pylon  
  29  3:05  Sentry (Chrono Boost)  
  31  3:07  Pylon  
  31  3:08  Pylon, Probe  
  34  3:16  Stalker (Chrono Boost)  
  34  3:18  Pylon  
  34  3:20  Probe  
  34  3:21  Probe  
  36  3:31  Sentry (Chrono Boost)  
  38  3:42  Assimilator  
  38  3:53  Stalker (Chrono Boost)  
  40  3:58  Robotics Facility  
  40  4:05  Assimilator  
  40  4:12  Forge  
  40  4:14  Probe  
  41  4:21  Stalker (Chrono Boost)  
  41  4:22  Probe  
  44  4:26  Probe  
  45  4:33  Probe  
  45  4:38  Stalker (Chrono Boost), Probe  
  49  4:43  Probe  
  51  4:45  Observer  
  51  4:50  Probe  
  51  4:51  Photon Cannon  
  52  5:01  Photon Cannon  
  52  5:02  Probe  
  52  5:06  Photon Cannon  
  54  5:07  Observer  
  54  5:15  Stalker (Chrono Boost)  
  54  5:19  Stalker (Chrono Boost)  
  44  6:01  Photon Cannon  
  44  6:02  Photon Cannon  
  44  6:04  Photon Cannon  
  44  6:05  Stalker (Chrono Boost)  
  44  6:06  Immortal  
  52  6:11  Stalker (Chrono Boost)  
  52  6:12  Mothership Core  
  54  6:24  Probe  
  54  6:31  Stalker (Chrono Boost)  
  57  6:33  Probe  
  60  6:41  Stalker (Chrono Boost)  
  60  6:45  Probe  
  61  6:52  Immortal  
  65  6:54  Protoss Ground Weapons Level 1  
  65  6:57  Probe, Stalker (Chrono Boost)  
  60  7:09  Probe  
  58  7:23  Stalker (Chrono Boost)  
  58  7:24  Twilight Council  
  58  7:26  Pylon x2  
  58  7:28  Pylon  
  58  7:36  Photon Cannon  
  60  7:39  Photon Cannon  
  60  7:40  Stalker (Chrono Boost)  
  60  7:41  Pylon  
  60  7:49  Stalker (Chrono Boost)  
  60  7:50  Photon Cannon  
  62  7:51  Photon Cannon  
  62  7:53  Photon Cannon  
  59  8:10  Stalker (Chrono Boost)  
  61  8:15  Stalker (Chrono Boost)  
  63  8:21  Blink  
  63  8:24  Dark Shrine  
  63  8:27  Robotics Bay  
  63  8:32  Robotics Facility  
  63  8:33  Gateway  
  63  8:34  Gateway  
  63  8:36  Pylon  
  63  8:48  Probe, Protoss Ground Armor Level 1 (Chrono Boost)  
  64  8:59  Probe  
  65  9:11  Probe  
  66  9:21  Colossus (Chrono Boost)  
  66  9:23  Probe  
  73  9:35  Probe  
  74  9:39  Dark Templar x3  
  80  9:55  Stalker  
  88  10:03  Colossus (Chrono Boost)  
  88  10:18  Dark Templar, Sentry  
  88  10:19  Sentry  
  94  10:21  Stalker  
  96  10:28  Photon Cannon  
  96  10:31  Photon Cannon  
  96  10:34  Photon Cannon  
  96  10:40  Photon Cannon  
  96  10:45  Sentry x2  
  70  10:57  Sentry  
  62  11:11  Sentry x2  
  62  11:23  Stalker  
  48  11:37  Stalker  
  48  11:39  Photon Cannon  
  52  11:41  Photon Cannon  
  52  11:45  Photon Cannon  
  48  11:49  Photon Cannon  
  48  11:53  Photon Cannon  
Show
View Real Time Build Order
Export as new Build Order

Narsil Protoss 

Build Orders:  

Get SALT Encoding   

  12  0:05  Probe (Chrono Boost)  
  13  0:16  Probe (Chrono Boost)  
  14  0:26  Probe (Chrono Boost)  
  15  0:31  Pylon  
  15  0:49  Probe (Chrono Boost)  
  16  1:00  Probe (Chrono Boost)  
  17  1:10  Probe (Chrono Boost)  
  17  1:11  Nexus  
  18  1:21  Probe (Chrono Boost)  
  19  1:28  Pylon  
  19  1:31  Probe (Chrono Boost)  
  20  1:45  Probe (Chrono Boost)  
  21  1:48  Forge  
  21  1:51  Assimilator  
  21  1:55  Assimilator  
  21  1:56  Probe (Chrono Boost)  
  22  2:09  Probe (Chrono Boost)  
  22  2:12  Gateway  
  23  2:20  Probe (Chrono Boost)  
  24  2:25  Probe (Chrono Boost)  
  25  2:30  Probe (Chrono Boost)  
  25  2:36  Probe (Chrono Boost)  
  27  2:37  Pylon  
  27  2:41  Probe (Chrono Boost)  
  27  2:43  Pylon  
  28  2:46  Probe (Chrono Boost)  
  29  2:57  Probe (Chrono Boost)  
  30  3:06  Probe (Chrono Boost)  
  30  3:07  Probe (Chrono Boost)  
  30  3:08  Pylon  
  32  3:17  Probe (Chrono Boost)  
  32  3:18  Probe (Chrono Boost)  
  34  3:28  Nexus  
  34  3:34  Probe x2 (Chrono Boost)  
  36  3:43  Assimilator  
  36  3:44  Probe x2 (Chrono Boost)  
  36  3:47  Assimilator  
  38  3:55  Probe (Chrono Boost)  
  39  3:57  Cybernetics Core  
  39  4:03  Photon Cannon  
  39  4:06  Photon Cannon  
  41  4:10  Probe x2 (Chrono Boost), Photon Cannon  
  41  4:20  Probe (Chrono Boost)  
  42  4:43  Pylon x2  
  42  4:44  Probe x3 (Chrono Boost)  
  45  4:50  Pylon  
  45  4:53  Pylon  
  45  4:54  Probe (Chrono Boost)  
  45  4:55  Probe (Chrono Boost)  
  47  5:04  Stargate  
  37  5:22  Photon Cannon  
  37  5:23  Photon Cannon x2  
  37  5:25  Photon Cannon  
  37  5:28  Photon Cannon  
  37  5:29  Photon Cannon x2  
  37  5:31  Probe x2 (Chrono Boost)  
  39  5:41  Probe x2 (Chrono Boost)  
  41  6:02  Probe (Chrono Boost)  
  29  6:12  Probe (Chrono Boost)  
  29  6:18  Void Ray  
  29  6:33  Stargate  
  29  6:34  Zealot  
  29  6:37  Stargate  
  31  7:01  Zealot  
  33  7:29  Zealot  
  35  7:36  Pylon  
  35  7:38  Pylon  
  35  7:41  Pylon  
  35  7:43  Pylon  
  35  7:45  Pylon  
  35  7:48  Pylon  
  35  7:51  Pylon  
  35  7:52  Void Ray  
  35  7:53  Pylon  
  35  7:56  Zealot  
  35  7:57  Pylon  
  41  7:59  Pylon  
  41  8:02  Void Ray, Pylon  
  45  8:05  Pylon  
  45  8:38  Nexus  
  45  8:52  Void Ray  
  49  9:28  Protoss Shields Level 1  
  49  9:30  Void Ray  
  53  9:45  Void Ray  
  57  10:02  Probe (Chrono Boost)  
  57  10:03  Probe (Chrono Boost)  
  59  10:13  Probe (Chrono Boost)  
  42  10:45  Void Ray x2  
Show
View Real Time Build Order
Export as new Build Order

mmdan Terran 

Build Orders:  

Get SALT Encoding   

  12  0:03  SCV  
  13  0:15  SCV  
  14  0:24  Supply Depot  
  14  0:27  SCV  
  15  0:46  SCV  
  15  0:48  Supply Depot  
  16  0:58  SCV  
  17  1:10  SCV  
  18  1:12  Supply Depot  
  18  1:16  Barracks  
  18  1:22  SCV  
  19  1:34  SCV  
  20  1:47  SCV  
  21  1:48  Command Center  
  21  1:58  Refinery  
  21  1:59  SCV  
  21  2:01  Refinery  
  22  2:11  SCV  
  23  2:41  Orbital Command, Engineering Bay  
  23  2:51  Barracks Reactor  
  23  3:09  Bunker  
  23  3:15  Refinery  
  23  3:16  Supply Depot, Refinery, SCV  
  25  3:23  Orbital Command  
  24  3:28  SCV  
  24  3:32  Marine  
  24  3:33  Marine  
  27  3:40  SCV  
  28  3:50  Marine x2  
  28  3:52  Factory  
  28  3:53  SCV  
  31  4:05  SCV  
  31  4:06  Missile Turret  
  31  4:08  Marine  
  34  4:17  SCV  
  34  4:26  SCV  
  34  4:30  SCV  
  36  4:38  SCV  
  36  4:39  Missile Turret  
  36  4:42  SCV  
  38  4:48  Bunker, Marine  
  38  4:50  Marine, SCV  
  41  5:00  Factory Tech Lab  
  41  5:06  Marine  
  42  5:10  Missile Turret  
  42  5:37  Siege Tank  
  45  6:09  Siege Tank  
  48  6:20  Armory  
  46  6:33  SCV  
  47  6:41  Siege Tank  
  47  6:45  SCV  
  51  6:57  SCV  
  52  7:09  SCV  
  52  7:13  Siege Tank  
  56  7:21  SCV  
  54  7:45  Siege Tank  
  54  7:50  Terran Vehicle Weapons Level 1  
  57  7:57  Factory  
  57  8:26  Missile Turret  
  57  8:53  Missile Turret, Factory Tech Lab  
  57  8:55  Factory  
  57  9:02  Supply Depot  
  57  9:17  Missile Turret  
  57  9:23  Command Center  
  57  9:24  Supply Depot  
  57  9:44  Terran Vehicle And Ship Armor Level 1  
  57  9:50  Missile Turret  
  57  10:03  Factory Tech Lab  
  57  10:10  Factory  
  57  10:13  Missile Turret  
  57  10:15  Refinery  
  57  10:27  Thor x3  
  75  10:40  Refinery  
  75  10:41  Missile Turret  
  75  10:46  Missile Turret  
  75  10:49  Missile Turret  
  75  10:50  Orbital Command  
  75  11:00  Missile Turret  
  75  11:01  Factory Tech Lab  
  75  11:04  Missile Turret  
  74  11:22  Thor x3  
  74  11:25  Thor  
Show
View Real Time Build Order
Export as new Build Order

Mask Zerg 

Build Orders: Pool First 

Get SALT Encoding   

  12  0:03  Drone  
  13  0:12  Drone  
  14  0:15  Extractor  
  14  0:16  Drone  
  14  0:38  Spawning Pool  
  14  0:41  Drone  
  14  0:53  Overlord  
  14  1:21  Extractor  
  13  1:28  Drone x2, Roach Warren  
  13  1:29  Drone  
  15  1:33  Queen  
  17  1:50  Drone  
  18  1:58  Evolution Chamber  
  18  1:59  Drone  
  18  2:06  Evolution Chamber  
  18  2:08  Drone  
  18  2:21  Roach  
  20  2:23  Roach  
  20  2:26  Zerg Missile Weapons Level 1  
  22  2:37  Zerg Ground Armor Level 1  
  22  2:46  Overlord  
  22  3:07  Roach x3  
  28  3:20  Roach  
  30  3:44  Hatchery  
  29  3:53  Lair  
  29  4:04  Spore Crawler  
  28  4:13  Drone x2  
  30  4:29  Overlord  
  30  4:53  Overseer  
  30  4:57  Glial Reconstitution  
  30  5:00  Burrow  
  30  5:02  Zerg Missile Weapons Level 2  
  30  5:10  Drone  
  30  5:11  Drone  
  32  5:25  Roach  
  34  5:29  Roach  
  36  5:42  Roach  
  38  5:43  Roach  
  40  6:29  Roach x2  
  40  6:31  Overlord x2  
  44  6:39  Overlord  
  44  6:49  Queen  
  44  7:22  Overseer  
  32  7:23  Overseer  
  32  7:32  Roach  
  32  7:33  Roach x5  
  42  7:48  Roach x4  
  42  7:54  Zerg Ground Armor Level 2  
  42  8:30  Overlord x3  
  42  8:32  Overseer  
  42  8:55  Hatchery  
  41  9:04  Drone  
  41  9:05  Drone x3  
  45  9:16  Roach  
  47  9:18  Roach  
  49  9:25  Overseer  
  49  9:31  Roach  
  51  9:34  Queen, Roach  
  53  9:42  Roach  
  53  9:43  Roach  
  57  9:49  Roach  
  59  9:54  Roach  
  61  10:23  Roach x2  
  61  10:24  Roach  
  39  11:06  Roach x3  
Tags
 
Add a new tag
Caveats
  • Supply blocks, unpowered buildings, or Contaminate may cause inaccurate times.
  • Supply counts are checked every 10 seconds.